 Dungeon Crawl Stone Soup version 0.31-a0-263-ge8cad7f256 (webtiles) character file.

Game seed: 16508732419393759592

127 Iniera the Slasher (level 4, -4/35 HPs)
             Began as a Vampire Monk on July 14, 2023.
             Killed from afar by an orc wizard (8 damage)
             ... with a magic dart
             ... on level 3 of the Dungeon.
             The game lasted 00:02:27 (1995 turns).

Iniera the Slasher (Vampire Monk)                   Turns: 1995, Time: 00:02:27

Health: -4/35      AC:  5    Str: 10    XL:     4   Next: 85%
Magic:  4/4        EV: 12    Int: 12    God:
Gold:   112        SH:  0    Dex: 24    Spells: 3/3 levels left

rFire   . . .        o - +0 long sword
rCold   . . .        d - orb {light}
rNeg    . . .        e - +0 ring mail
rPois   .            (no helmet)
rElec   .            (no cloak)
rCorr   .            (no gloves)
SInv    +            (no boots)
Will    .....        l - amulet of the acrobat
Stlth   +            i - +6 ring of dexterity
HPRegen 0.45/turn    (no ring)
MPRegen 0.09/turn

%: acrobat
@: healing quickly, hasted, glowing, very quick
A: alive, fangs 3, see invisible, vampiric 2
a: Exsanguinate


You were on level 3 of the Dungeon.
You visited 1 branch of the dungeon, and saw 3 of its levels.

You collected 112 gold pieces.

Inventory:

Hand Weapons
 o - a +0 long sword (weapon)
Armour
 d - an orb of light (worn)
 e - a +0 ring mail (worn)
Jewellery
 i - a +6 ring of dexterity (left hand)
 l - an amulet of the acrobat (around neck)
Scrolls
 f - a scroll of silence {unknown}
 h - 2 scrolls of vulnerability
 m - 2 scrolls of teleportation {unknown}
 n - a scroll of immolation {unknown}
Potions
 a - a potion of might {unknown}
 b - 2 potions of enlightenment {unknown}
 c - 2 potions of ambrosia
 g - a potion of magic {unknown}
 j - a potion of haste


   Skills:
 + Level 3.3 Fighting
 * Level 4.3 Long Blades
 + Level 4.1 Dodging
 + Level 1.1 Invocations


You had 3 spell levels left.
You didn't know any spells.
Your spell library was empty.

Dungeon Overview and Level Annotations

Branches:
Dungeon (3/15)

Altars:


Innate Abilities, Weirdness & Mutations

Your natural rate of healing is accelerated.
You have razor-sharp teeth.
You have supernaturally acute eyesight. (SInv)
You are afflicted with vampirism and can become a bat while bloodless.


Message History

An orc priest comes into view. It is wielding a +0 whip.
You throw a poisoned dart. The poisoned dart hits the orc wizard.
The orc wizard is poisoned.
The orc priest begins to cast a cantrip, but forgets the words!
Nothing quivered!
You aren't carrying any items that you can evoke.
Unknown command.
Okay, then.
Okay, then.
A quokka comes into view.
The orc wizard casts a spell at you. You resist with some effort.
The orc wizard mumbles some strange words.
The orc wizard flickers and vanishes for a moment.
A giant cockroach comes into view.
The orc wizard mumbles some strange words.
The orc wizard flickers and vanishes for a moment.
The orc wizard looks more healthy.
The orc wizard casts a spell at you. The puff of flame hits you!
The orc wizard mumbles some strange words.
The orc wizard flickers and vanishes for a moment.
The orc wizard points at you and mumbles some strange words.
The puff of flame hits you! The orc wizard casts a spell at you.
The magic dart hits you.
The orc wizard points at you and mumbles some strange words.
You are confused.
You bump into the rock wall.
The orc wizard gestures at you while chanting.
The puff of flame hits you!
* * * LOW HITPOINT WARNING * * *
The orc priest looks satisfied for a moment.
It was a potion of haste.
You feel yourself speed up.
You're too confused to move!
You bump into the rock wall.
You feel less confused.
The orc wizard gestures at you while chanting.
The magic dart hits you!
You die...

###########
############.........#
##...oo...o.#.#######.######
#...ooo...o...# #.......
#.o########o### #######.
######..# #.###############.
.B..Boo.# #.##..(...........
######.## #.##.###########..
#o# #@##.# #.. #.# #.##.#
#.. #o# #.##.###########..
..# #.##>##....<...... .(##
#.##.##.#########. ..r
#.##.##># #. #... #.##.##)#
#. #... #.##.##)# #. #...
#.##.##.# #.


You could see an orc priest and 2 orc wizards.

Vanquished Creatures
  An orc priest (D:3)
  An orc wizard (D:3)
  An adder (D:2)
  3 worms
  2 dart slugs
  2 orcs (D:3)
  4 endoplasms
  2 giant cockroaches
  5 goblins
  5 hobgoblins
  2 jackals (D:2)
  A quokka (D:2)
  3 ball pythons
  3 bats
  7 kobolds
  5 rats
47 creatures vanquished.

Notes
Turn   | Place    | Note
-------+----------+-------------------------------------------
     0 | D:1      | Iniera the Vampire Monk began the quest for the Orb.
     0 | D:1      | Reached XP level 1. HP: 17/17 MP: 1/1
   135 | D:1      | Reached XP level 2. HP: 23/23 MP: 2/2
   659 | D:2      | Gained mutation: You are afflicted with vampirism and can
                  | become a bat while bloodless. [Vampire growth]
   659 | D:2      | Reached XP level 3. HP: 29/29 MP: 3/3
  1780 | D:3      | Reached XP level 4. HP: 35/35 MP: 4/4
  1793 | D:3      | Reached skill level 1 in Invocations
  1988 | D:3      | HP: 1/35 [orc wizard/puff of flame (11)]
  1995 | D:3      | Killed from afar by an orc wizard

Illustrated notes

Levels and vault maps discovered:
D:1:      lemuel_arrival_lava_pool, layout_rooms,
          corexii_item_surrounded_by_moat, corexii_item_surrounded_by_moat
D:2:      layout_basic, basic_altar, minmay_between
D:3:      layout_loops_ring, minmay_goblin_kobold_house, uniq_ijyb

Skill      XL: |  1  2  3  4 |
---------------+-------------+-----
Fighting       | 3 |  3.3
Long Blades    | 4 |  4.3
Dodging        | 4 |  4.1
Invocations    | 1 |  1.1

Action                     |  1- 3 |  4- 6 || total
---------------------------+-------+-------++-------
  Melee: Falchion          |    81 |       ||    81
         Bite              |    15 |     2 ||    17
         Long sword        |    11 |    16 ||    27
  Throw: Dart              |     3 |     2 ||     5
    Use: Scroll            |     3 |       ||     3
         Potion            |       |     1 ||     1
 Armour: Robe              |     3 |       ||     3
         Ring mail         |    22 |     2 ||    24
  Dodge: Dodged            |    68 |    10 ||    78

Table legend: (Time is in decaauts)
 A = Elapsed time spent in this place.
 B = Non-inter-level travel time spent in this place.
 C = Inter-level travel time spent in this place.
 D = Time resting spent in this place.
 E = Time spent auto-exploring this place.
 F = Levels seen in this place.
 G = Mean time per level.
                   A        B        C        D        E       F      G
               +--------+--------+--------+--------+--------+-----+--------+
         Total |   2009 |   1854 |    155 |      0 |   1516 |   3 |  669.7 |
       Dungeon |   2009 |   1854 |    155 |      0 |   1516 |   3 |  669.7 |
               +--------+--------+--------+--------+--------+-----+--------+

Top non-repeatable levels by time:
     D:2: 1222 daAuts
     D:1: 538 daAuts
     D:3: 248 daAuts
